 Dungeon Crawl Stone Soup version 0.32-a0-643-ga006e7742e (webtiles) character file.

Game seed: 3746918182403219374

14188 BubbleThief the Bludgeoner (level 11, -5/107 HPs)
             Began as a Mountain Dwarf Cinder Acolyte on Mar 7, 2024.
             Was an Elder of Ignis.
             Killed from afar by a rime drake (16 damage)
             ... with an icy flash freeze
             ... on level 1 of the Lair of Beasts.
             The game lasted 00:18:36 (12320 turns).

BubbleThief the Bludgeoner (MDCA)                  Turns: 12320, Time: 00:18:37

Health: -5/107     AC: 19    Str: 21    XL:     11   Next: 85%
Magic:  12/12      EV: 12    Int: 15    God:    Ignis [****..]
Gold:   736        SH:  0    Dex:  5    Spells: 10/12 levels left

rFire   + . .        C - +5 mace
rCold   . . .        (no shield)
rNeg    . . .        t - +0 plate armour
rPois   .            j - +2 hat
rElec   .            I - +0 cloak
rCorr   +            w - +0 pair of gloves
SInv    .            (no boots)
Will    +....        (no amulet) Stlth
                     o - ring of resist corrosion
HPRegen 0.37/turn    u - +5 ring of evasion
MPRegen 0.13/turn

%: no passive effects
@: no status effects
A: runic magic, artefact enchanting, deterioration 1
a: Renounce Religion, Fiery Armour, Foxfire Swarm, Rising Flame


You were on level 1 of the Lair of Beasts.
You worshipped Ignis.
Ignis was greatly pleased with you.
You visited 2 branches of the dungeon, and saw 12 of its levels.
You also visited: Sewer and Ossuary.

You collected 736 gold pieces.

Inventory:

Hand Weapons
 C - a +5 mace (weapon)
Armour
 j - a +2 hat (worn)
 t - a +0 plate armour (worn)
 w - a +0 pair of gloves (worn)
 I - a +0 cloak (worn)
Jewellery
 o - a ring of resist corrosion (left hand)
 q - a ring of flight
 u - a +5 ring of evasion (right hand)
 E - a ring of protection from fire
Wands
 b - a wand of digging (2)
 p - a wand of iceblast (8)
 r - a wand of polymorph (13)
 s - a wand of mindburst (6)
 D - a wand of acid (9)
Scrolls
 e - 4 scrolls of blinking
 h - 9 scrolls of identify
 i - 3 scrolls of poison
 m - 8 scrolls of teleportation
 x - 4 scrolls of fear
 y - 3 scrolls of enchant weapon
 F - a scroll of amnesia {unknown}
 G - a scroll of noise {unknown}
 H - a scroll of brand weapon {unknown}
Potions
 a - 3 potions of curing {unknown}
 c - 3 potions of might {unknown}
 d - 5 potions of haste {unknown}
 f - a potion of cancellation {unknown}
 g - 7 potions of heal wounds {unknown}
 k - 2 potions of berserk rage {unknown}
 l - 2 potions of attraction {unknown}
 n - 3 potions of degeneration {unknown}
 v - a potion of lignification {unknown}
 z - 3 potions of brilliance {unknown}
 A - 3 potions of magic {unknown}
 B - a potion of mutation {unknown}


   Skills:
 + Level 13.0 Fighting
 + Level 15.1 Maces & Flails
 + Level 10.0 Armour
 - Level 1.0 Spellcasting
 - Level 3.6 Fire Magic


You had 10 spell levels left.
You knew the following spells:

 Your Spells              Type           Power      Damage    Failure   Level
a - Scorch                Fire           22%        2d5       16%         2

Your spell library contained the following spells:

 Spells                   Type           Power      Damage    Failure   Level
 Shock                    Conj/Air       0%         1d3       43%         1
 Swiftness                Air            0%         N/A       80%         3
 Tukima's Dance           Hex            0%         N/A       80%         3
 Airstrike                Air            0%         2d(0-16)  99%         4
 Passage of Golubria      Tloc           0%         N/A       99%         4
 Yara's Violent Unravell  Hex/Alch       0%         3d3       100%        5


Dungeon Overview and Level Annotations

Branches:
Dungeon (11/15)              Lair (1/5) D:11            Orc (0/2) D:9
  Sewer (visited)         Ossuary (visited)
 Temple: D:4-7

Altars:
Ashenzari
Cheibriados
Dithmenos
Elyvilon
Fedhas
Hepliaklqana
Kikubaaqudgha
Makhleb
Nemelex Xobeh
Okawaru
Trog
Xom
Yredelemnul

Shops:
D:9 ([   D:10 :

Annotations:
D:11 1 runed translucent door, Juicyj's ghost, novice MDFi


Innate Abilities, Weirdness & Mutations

Your spellcasting is much less encumbered by armour.
You can use scrolls of enchantment on lesser artefacts.
Your body sometimes deteriorates upon taking damage.


Message History

Your Armour skill increases to level 10!
You barely miss the yak.
Unknown command.
You thump the yak!
The yak is moderately wounded.
The yak gores you!
* * * LOW HITPOINT WARNING * * *
Unknown command.
You sock the yak!
The yak is heavily wounded.
The yak misses you.
You sock the yak!
The yak is almost dead.
Unknown command.
You sock the yak!
You kill the yak!
The ice encasing you melts away.
You barely miss the yak.
The yak is heavily wounded.
The yak gores you but does no damage.
You hit the yak.
The yak is heavily wounded.
You hit the yak but do no damage.
The yak is heavily wounded.
The yak gores you but does no damage.
You hit the yak.
The yak is severely wounded.
The yak gores you but does no damage.
You hit the yak.
The yak is severely wounded.
The yak gores you.
* * * LOW HITPOINT WARNING * * *
You hit the yak.
The yak is severely wounded.
You sock the yak!
You kill the yak!
The rime drake breathes ice at you. The icy flash freeze hits you!
You die...
Ignis goes out, and joins you in death.

##......##
#.#......#
#........##
#.........#
#.........##
#.#...<....#
###.....##
#......###
##.....#@#######
#......#†.....#
..........k......#
..............$..#
#^................#
#..........#......#
.................#
.................P
........###.....#


You could see a rime drake (catching breath).

Vanquished Creatures
  3 two-headed ogres
  A manticore (D:11)
  2 cyclopes (D:11)
  2 kobold demonologists
  2 komodo dragons (D:11)
  4 trolls
  A hornet (D:10)
  3 shadows
  3 wyverns
  22 yaks
  2 vampires
  A human (D:4)
  A basilisk (D:11)
  A steam dragon (D:6)
  4 vampire mosquitoes (D:11)
  An acid dragon (D:9)
  2 water moccasins (D:5)
  A black bear (D:8)
  A sky beast (D:4)
  Pargi (Sewer)
  4 orc warriors (D:9)
  3 ogres (D:6)
  2 phantoms
  4 elf zombies (Ossuary)
  3 kobold brigands
  5 scorpions
  2 brain worms (Sewer)
  3 gnoll sergeants
  3 wights (D:6)
  4 killer bees
  3 electric eels (D:9)
  3 howler monkeys (D:9)
  2 bombardier beetles
  4 jellies
  3 human zombies (Ossuary)
  7 orc priests
  2 sleepcaps
  3 hounds
  Jessica (D:3)
  4 iguanas
  Ijyb (D:3)
  7 orc wizards
  4 hound zombies (Ossuary)
  2 mummies (Ossuary)
  Robin (D:2)
  4 adders
  6 gnolls
  3 white imps
  3 adder zombies (Ossuary)
  3 dart slugs
  4 ribbon worms
  26 orcs
  4 endoplasms
  6 giant cockroaches
  8 gnoll zombies (Ossuary)
  16 goblins
  11 hobgoblins
  7 jackals (D:2)
  17 kobolds
  5 quokkas
  9 ball pythons
  9 bats
  6 frilled lizards
  5 jackal zombies (Ossuary)
  6 kobold zombies (Ossuary)
  4 orc zombies (Ossuary)
  9 rats
  A spectral kobold (D:5)
310 creatures vanquished.

Notes
Turn   | Place    | Note
-------+----------+-------------------------------------------
     0 | D:1      | BubbleThief the Mountain Dwarf Cinder Acolyte began the
                  | quest for the Orb.
     0 | D:1      | Reached XP level 1. HP: 19/19 MP: 2/2
   106 | D:1      | Reached skill level 4 in Maces & Flails
   248 | D:1      | Reached XP level 2. HP: 26/26 MP: 3/3
   273 | D:1      | Learned a level 2 spell: Scorch
   930 | D:1      | Found a faded altar of an unknown god.
  1015 | D:2      | Reached XP level 3. HP: 33/33 MP: 4/4
  1124 | D:2      | Noticed Robin
  1126 | D:2      | Reached skill level 5 in Maces & Flails
  1198 | D:1      | Reached XP level 4. HP: 26/40 MP: 5/5
  1259 | D:2      | Killed Robin
  1430 | D:2      | Found a shimmering altar of Xom.
  2031 | D:3      | Noticed Jessica
  2035 | D:3      | Killed Jessica
  2036 | D:3      | Reached skill level 6 in Maces & Flails
  2122 | D:3      | Found a burning altar of Makhleb.
  2145 | D:3      | Noticed Ijyb
  2164 | D:3      | Killed Ijyb
  2165 | D:3      | Reached XP level 5. HP: 42/47 MP: 6/6
  2290 | D:3      | Found a sparkling altar of Nemelex Xobeh.
  3052 | D:4      | Reached skill level 5 in Fighting
  3098 | D:4      | Noticed a sky beast
  3127 | D:4      | Killed a sky beast
  3128 | D:4      | Reached skill level 7 in Maces & Flails
  3128 | D:4      | Reached XP level 6. HP: 17/56 MP: 7/7
  3336 | D:4      | Found a runed translucent door.
  3336 | D:4      | Noticed a human
  3340 | D:4      | Found a basalt altar of Yredelemnul.
  3364 | D:4      | Killed a human
  3664 | D:4      | Reached skill level 8 in Maces & Flails
  3739 | D:4      | Reached XP level 7. HP: 62/62 MP: 8/8
  3749 | D:4      | Found a broken altar of Ashenzari.
  3777 | D:4      | Found a blossoming altar of Fedhas.
  3958 | D:5      | Entered Level 5 of the Dungeon
  3972 | D:5      | Found an iron altar of Okawaru.
  4098 | D:5      | Found a shadowy altar of Dithmenos.
  4184 | D:5      | Reached skill level 9 in Maces & Flails
  4187 | D:5      | Found an ancient bone altar of Kikubaaqudgha.
  4425 | D:5      | Reached XP level 8. HP: 67/71 MP: 9/9
  4520 | D:5      | Reached skill level 10 in Maces & Flails
  4550 | D:5      | Found a hazy altar of Hepliaklqana.
  5187 | D:6      | Reached skill level 11 in Maces & Flails
  5257 | D:6      | Found a glowing drain.
  5266 | Sewer    | Entered a sewer
  5305 | Sewer    | Noticed Pargi
  5308 | Sewer    | Killed Pargi
  5470 | D:6      | Reached XP level 9. HP: 52/78 MP: 5/10
  5482 | D:6      | Reached skill level 12 in Maces & Flails
  5797 | D:6      | Found a sand-covered staircase.
  5802 | Ossuary  | Entered an ossuary
  6084 | Ossuary  | Reached skill level 1 in Armour
  6410 | D:6      | Reached skill level 13 in Maces & Flails
  6411 | D:6      | Found a snail-covered altar of Cheibriados.
  6706 | D:7      | Noticed a two-headed ogre
  6715 | D:7      | Killed a two-headed ogre
  7057 | D:8      | Reached XP level 10. HP: 50/91 MP: 11/11
  7223 | D:8      | You are sucked into a shaft and drop 3 floors!
  7231 | D:11     | Found a runed translucent door.
  7231 | D:11     | Noticed Juicyj's ghost (novice MDFi)
  7347 | D:10     | Entered Level 10 of the Dungeon
  7406 | D:10     | Reached skill level 14 in Maces & Flails
  7563 | D:10     | Found a white marble altar of Elyvilon.
  7736 | D:9      | Reached skill level 10 in Fighting
  7736 | D:9      | Reached skill level 5 in Armour
  8171 | D:8      | Noticed a moth of wrath
  8173 | D:8      | Found a bloodstained altar of Trog.
  8452 | D:9      | Noticed a two-headed ogre
  8542 | D:9      | Killed a two-headed ogre
  8817 | D:9      | Found Xocvu's Armour Shop.
  8831 | D:9      | Found a staircase to the Orcish Mines.
  8838 | D:9      | Found Danex's Weapon Shop.
  9263 | D:9      | Reached XP level 11. HP: 77/104 MP: 12/12
  9703 | D:10     | Found Kaahig's Book Boutique.
  9703 | D:10     | Noticed a walking divine tome
  9705 | D:10     | Noticed a walking crystal tome
 11423 | D:11     | Noticed a two-headed ogre
 11435 | D:11     | Killed a two-headed ogre
 11492 | D:11     | Gained mutation: Your body sometimes deteriorates upon
                  | taking damage. [a neqoxec]
 11500 | D:11     | Noticed a sun demon
 12134 | D:11     | Found a staircase to the Lair.
 12160 | D:11     | Reached skill level 15 in Maces & Flails
 12265 | Lair:1   | Entered Level 1 of the Lair of Beasts
 12309 | Lair:1   | Reached skill level 10 in Armour
 12320 | Lair:1   | Killed from afar by a rime drake

Illustrated notes

Levels and vault maps discovered:
D:1:      psy_arrival_statuary, layout_basic,
          hellmonk_ecumenical_altar_prayer_group, solitary_fountain,
          nrook_loot_triangle, minmay_misc_feat_four_crosses
D:2:      layout_basic, basic_altar, uniq_robin
D:3:      layout_loops_corners, mainiacjoe_overflow_alcove_2,
          lightli_temple_of_fire, uniq_jessica, uniq_ijyb
D:4:      layout_rooms, dk_yredelemnul_ordeal, mainiacjoe_overflow_two_lobes
D:5:      layout_gridville, nicolae_hepliaklqana_monster_ancestors,
          okawaru_trees_1, kiku_gazebo_garden_becter,
          mainiacjoe_overflow_24_doors, serial_bayou_lagoon_a,
          serial_bayou_pond_a
D:6:      layout_loops_cross, slow_altar_1, nicolae_ossuary_entry_monument,
          mainiacjoe_sewer_entry_somewhere_in_here_1, minmay_diced_spiral
D:7:      layout_basic, temple_pool_b, minmay_misc_feat_alley
D:8:      layout_rooms, tgw_trog
D:9:      layout_basic, orc_david_3, serial_park_tiny_pond
D:10:     layout_basic, elyvilon_altar_5, serial_shops, nicolae_shop_mannequins
D:11:     layout_cave_pools, david_lair_shrubbed, hellmonk_ghost_happy_afterlife
Lair:1:   layout_cave_pods

Skill      XL: |  1  2  3  4  5  6  7  8  9 10 11 |
---------------+----------------------------------+-----
Maces & Flails | 4 5 6 7 8 9 11 13 14 15 | 15.1
Fighting       | 4 5 6 8 9 11 13 | 13.0
Armour         | 3 8 10 | 10.0
Spellcasting   | |  1.0
Fire Magic     | |  3.6

Action                     |  1- 3 |  4- 6 |  7- 9 | 10-12 || total
---------------------------+-------+-------+-------+-------++-------
  Melee: Whip              |   130 |   284 |   207 |       ||   621
         Mace              |     2 |       |   269 |   525 ||   796
   Cast: Scorch            |       |     1 |    18 |    11 ||    30
 Invoke: Fiery Armour      |       |     1 |     1 |     2 ||     4
  Evoke: Wand              |       |       |     4 |    12 ||    16
    Use: Scroll            |       |       |     8 |       ||     8
   Stab: Distracted        |     1 |       |       |       ||     1
 Armour: Robe              |    24 |       |       |       ||    24
         Ring mail         |    67 |   196 |   147 |     4 ||   414
         Plate armour      |       |       |       |   395 ||   395
  Dodge: Dodged            |    87 |   139 |   220 |   271 ||   717

Table legend: (Time is in decaauts)
 A = Elapsed time spent in this place.
 B = Non-inter-level travel time spent in this place.
 C = Inter-level travel time spent in this place.
 D = Time resting spent in this place.
 E = Time spent auto-exploring this place.
 F = Levels seen in this place.
 G = Mean time per level.
                   A        B        C        D        E       F      G
               +--------+--------+--------+--------+--------+-----+--------+
         Total |  11941 |  11667 |    274 |   1002 |   8248 |  14 |  852.9 |
       Dungeon |  11406 |  11132 |    274 |   1002 |   7997 |  11 | 1036.9 |
          Lair |     42 |     42 |      0 |      0 |      5 |   1 |   42.0 |
         Sewer |     83 |     83 |      0 |      0 |     26 |   1 |   83.0 |
       Ossuary |    408 |    408 |      0 |      0 |    220 |   1 |  408.0 |
               +--------+--------+--------+--------+--------+-----+--------+

Top non-repeatable levels by time:
    D:11: 1510 daAuts
    D:10: 1429 daAuts
     D:9: 1417 daAuts
     D:1: 1107 daAuts
     D:3: 1083 daAuts
     D:5: 1018 daAuts
     D:6: 997 daAuts
     D:4: 924 daAuts
     D:8: 865 daAuts
     D:2: 764 daAuts
 Ossuary: 408 daAuts
     D:7: 289 daAuts
   Sewer: 83 daAuts
  Lair:1: 42 daAuts
